 Dungeon Crawl Stone Soup version 0.26.0-10-g1f06aea511 (webtiles) character file.

Game seed: 5918156436281139929

127 dohliylev the Sneak (level 4, -15/30 HPs)
             Began as a Vampire Enchanter on Feb 1, 2021.
             Blown up by Ijyb (26 damage)
             ... with a disintegration bolt
             ... on level 3 of the Dungeon.
             The game lasted 00:06:11 (2802 turns).

dohliylev the Sneak (Vampire Enchanter)             Turns: 2802, Time: 00:06:11

Health: -15/30     AC:  3    Str:  7    XL:     4   Next: 85%
Magic:  2/8        EV: 13    Int: 18    God:
Gold:   251        SH:  0    Dex: 14    Spells: 5/8 levels left

rFire    + . .     SeeInvis +   a - +1 dagger
rCold    x . .     Faith    .   (no shield)
rNeg     . . .     Spirit   .   b - +0 robe
rPois    .         Reflect  .   n - +0 helmet
rElec    .         Harm     .   (no cloak)
rCorr    .         Rampage  .   (no gloves)
Will     .....                  (no boots)
Stlth    +++.......             (no amulet)
HPRegen  0.30/turn              k - ring of fire
MPRegen  0.11/turn              (no ring)

@: regenerating quickly
A: fangs 3, see invisible, unbreathing
a: Exsanguinate


You were on level 3 of the Dungeon.
You visited 1 branch of the dungeon, and saw 4 of its levels.

You collected 251 gold pieces.

Inventory:

Hand Weapons
 a - a +1 dagger (weapon)
Armour
 b - a +0 robe (worn)
 n - a +0 helmet (worn)
Jewellery
 k - a ring of fire (left hand)
Scrolls
 c - 2 scrolls of blinking {unknown}
 f - 2 scrolls of remove curse {unknown}
 j - 2 scrolls of identify {unknown}
 m - a scroll of teleportation {unknown}
Potions
 d - a potion of haste {unknown}
 e - a potion of heal wounds {unknown}
 g - 2 potions of flight {unknown}
 h - a potion of cancellation {unknown}
 i - a potion of curing {unknown}
 l - a potion of degeneration {unknown}


   Skills:
 - Level 1.1 Short Blades
 + Level 2.5 Dodging
 + Level 6.7 Stealth
 + Level 2.6 Spellcasting
 + Level 5.6 Hexes
 - Level 0.2 Ice Magic


You had 5 spell levels left.
You knew the following spells:

 Your Spells              Type           Power        Failure   Level
a - Corona                Hex            24%          1%          1
b - Ensorcelled Hibernat  Hex/Ice        24%          8%          2

Your spell library contained the following spells:

 Spells                   Type           Power        Failure   Level
 Confusing Touch          Hex            22%          4%          3
 Tukima's Dance           Hex            22%          4%          3
 Dazzling Flash           Conj/Hex       24%          16%         3


Dungeon Overview and Level Annotations

Branches:
Dungeon (4/15)
 Temple: D:4-7

Altars:
Hepliaklqana

Annotations:
D:3 Ijyb


Innate Abilities, Weirdness & Mutations

Your natural rate of healing is unusually fast.
You have razor-sharp teeth.
You have supernaturally acute eyesight. (SInv)
You can survive without breathing.


Message History

Ijyb is lightly wounded.
Ijyb hits you but does no damage.
Casting: Ensorcelled Hibernation (safe; 8% risk of failure)
Confirm with . or Enter, or press ? or * to list all spells.
Aiming: Ensorcelled Hibernation (safe; 8% risk of failure)
Press: ? - help, Shift-Dir - straight line, f - you That would be overly suicidal.
Okay, then.
Unknown command.
Casting: Ensorcelled Hibernation (safe; 8% risk of failure)
Confirm with . or Enter, or press ? or * to list all spells.
Aiming: Corona (safe; 1% risk of failure)
Press: ? - help, Shift-Dir - straight line, f - Ijyb
Aim: Ijyb, wielding a +7 club, wearing a cursed +0 leather armour and carrying a wand of disintegration (10) (lightly wounded, unusually resistant, chance to affect: 70%) Ijyb barely resists.
Ijyb hits you with a +7 club!
You hit Ijyb.
Ijyb is moderately wounded.
Ijyb zaps a wand.
You are blasted!
Ouch! That really hurt!
You die...

............#####
#.#...###.......##
#..... #.#..#...#
###... ...#..#...#
.....#####.....##
.####.. ...#.###.#
.......###.#...#.#
#...........#.#.#
#.@g........#
#.###.#######
####.# #.#
......##g#
.........#
......)..#
.........#
..........#
########.#


You could see Ijyb (resistant).

Vanquished Creatures
  Robin (D:3)
  3 adders
  An ooze (D:3)
  3 worms
  2 dart slugs (D:1)
  2 leopard geckos
  2 giant cockroaches
  18 goblins
  6 hobgoblins
  2 jackals (D:3)
  6 kobolds
  A ball python (D:1)
  9 bats
  6 frilled lizards
  7 rats
69 creatures vanquished.

Notes
Turn   | Place    | Note
-------+----------+-------------------------------------------
     0 | D:1      | dohliylev the Vampire Enchanter began the quest for the
                  | Orb.
     0 | D:1      | Reached XP level 1. HP: 13/13 MP: 3/3
   161 | D:1      | Reached XP level 2. HP: 19/19 MP: 5/5
   179 | D:1      | Reached skill level 5 in Stealth
   249 | D:1      | Learned a level 2 spell: Ensorcelled Hibernation
   478 | D:1      | Reached skill level 5 in Hexes
  1069 | D:1      | Reached XP level 3. HP: 24/24 MP: 3/6
  1620 | D:2      | Reached skill level 6 in Stealth
  1833 | D:2      | Found a hazy altar of Hepliaklqana.
  2081 | D:3      | Reached XP level 4. HP: 18/30 MP: 2/7
  2183 | D:3      | Noticed Robin
  2303 | D:3      | Killed Robin
  2781 | D:3      | Noticed Ijyb
  2802 | D:3      | Blown up by Ijyb

Illustrated notes

Levels and vault maps discovered:
D:1:      nzn_arrival_water_spiral, layout_basic, amcnicky_mini_pool_small
D:2:      layout_loops_ring, nzn_hepliaklqana_mist_gate,
          ebering_dispersal_statue_hall
D:3:      layout_basic, tgw_sif, uniq_natasha, uniq_robin, uniq_ijyb
D:4:      layout_gridville, minivault_4

Skill      XL: |  1  2  3 |
---------------+----------+-----
Stealth        | 5 6 |  6.7
Hexes          | 5 |  5.6
Short Blades   | |  1.1
Dodging        | |  2.5
Spellcasting   | |  2.6
Ice Magic      | |  0.2

Action                   |  1- 3 |  4- 6 || total
-------------------------+-------+-------++-------
Melee: Dagger            |   116 |    92 ||   208
       Bite              |     7 |     5 ||    12
 Cast: Ensorcelled Hiber |    20 |    17 ||    37
       Corona            |     7 |     1 ||     8
 Stab: Sleeping          |    26 |     9 ||    35
Armor: Robe              |    22 |    13 ||    35
Dodge: Dodged            |    71 |    69 ||   140
